 Dungeon Crawl Stone Soup version 0.24.1-4-ge52af88ad5 (webtiles) character file.

Game seed: 1841855587048076478, levelgen mode: deterministic

835 TimRush the Skirmisher (level 7, 0/64 HPs)
             Began as a Minotaur Berserker on Apr 12, 2020.
             Was a Priest of Trog.
             Succumbed to a killer bee's poison
             ... on level 5 of the Dungeon.
             The game lasted 00:33:35 (3081 turns).

TimRush the Skirmisher (Minotaur Berserker)         Turns: 3081, Time: 00:33:35

Health: 0/64       AC: 12    Str: 23    XL:     7   Next: 66%
Magic:  6/6        EV: 10    Int:  4    God:    Trog [***...]
Gold:   250        SH:  0    Dex: 10    Spells: 6/6 levels left

rFire    + . .     SeeInvis .   i - +0 short sword (venom)
rCold    x . .     Gourm    .   (no shield)
rNeg     . . .     Faith    .   k - +2 chain mail
rPois    .         Spirit   .   (helmet restricted)
rElec    .         Reflect  .   (no cloak)
rCorr    .         Harm     .   (no gloves)
MR       .....                  (no boots)
Stlth    ..........             (no amulet)
HPRegen  0.20/turn              h - ring of fire
MPRegen  0.10/turn              (no ring)

@: lethally poisoned (0 -> -6), berserk cooldown, slowed, very slow
A: retaliatory headbutt, horns 2
a: Berserk, Trog's Hand, Renounce Religion


You were on level 5 of the Dungeon.
You worshipped Trog.
Trog was most pleased with you.
You were not hungry.

You visited 1 branch of the dungeon, and saw 5 of its levels.

You collected 250 gold pieces.

Inventory:

Hand Weapons
 a - a +0 hand axe
 i - a +0 short sword of venom (weapon)
 q - a +2 flail of holy wrath
Armour
 k - a +2 chain mail (worn)
Jewellery
 h - a ring of fire (left hand)
Scrolls
 f - 3 scrolls of blinking
 l - 2 scrolls of identify
 m - a scroll of immolation {unknown}
Potions
 e - 2 potions of invisibility {unknown}
 g - 2 potions of heal wounds {unknown}
 j - 3 potions of curing {unknown}
 n - 3 potions of flight {unknown}
 o - 2 potions of brilliance {unknown}
 p - a potion of mutation {unknown}
Comestibles
 c - 9 rations


   Skills:
 + Level 6.4 Fighting
 + Level 6.3 Axes
 + Level 5.6 Armour
 + Level 5.0 Dodging


You had 6 spell levels left.
You didn't know any spells.
Your spell library was empty.

Dungeon Overview and Level Annotations

Branches:
Dungeon (5/15)
 Temple: D:4-7

Altars:
Ru
Yredelemnul
The Shining One


Innate Abilities, Weirdness & Mutations

You reflexively headbutt those who attack you in melee.
You have a pair of horns on your head.


Message History

The killer bee stings you but does no damage.
The killer bee completely misses you. The gnoll hits you but does no damage.
The killer bee barely misses you.
You feel sick. The killer bee barely misses you.
The killer bee closely misses you. x3
The killer bee stings you but does no damage.
The adder bites you but does no damage.
Your skin stops crawling.
You feel less resistant to hostile enchantments.
* * * LOW HITPOINT WARNING * * *
You feel sick.
The killer bee stings you but does no damage. x2
The adder bites you but does no damage. The killer bee barely misses you.
You furiously retaliate!
You headbutt the killer bee. The killer bee barely misses you.
The gnoll hits you from afar with a +0 spear.
* * * LOW HITPOINT WARNING * * *
You miss the killer bee.
The killer bee is moderately wounded.
You die...

#. ... ..# #.#.. ... .
(.. #.#. ...# #######)#
..#. #..# #.(..##g#
##.##.## #...
#....##g###..##..####.#.
#..)...g†...............
#.....yyS.#.####.##..###
#....##@............####
#....##.......##.#.....>
#....##.......##....####
#######.......#######
#......(# #########


You could see 2 killer bees, 3 gnolls and an adder.

Vanquished Creatures
  A phantom (D:2)
  2 ogres
  4 killer bees (D:5)
  A howler monkey (D:5)
  2 bullfrog skeletons
  A gnoll shaman (D:5)
  An orc wizard (D:4)
  3 worker ants (D:4)
  2 gnolls (D:5)
  8 adders
  An adder zombie (D:5)
  5 worms (D:2)
  3 dart slugs
  3 leopard geckos
  5 orcs (D:4)
  2 giant cockroaches
  5 hobgoblins
  6 jackals
  5 kobolds
  2 quokkas
  A ball python (D:2)
  7 bats
  3 frilled lizards
  9 goblins
  A leopard gecko skeleton (D:4)
  5 rats
88 creatures vanquished.

Notes
Turn   | Place    | Note
-------+----------+-------------------------------------------
     0 | D:1      | TimRush the Minotaur Berserker began the quest for the Orb.
     0 | D:1      | Reached XP level 1. HP: 19/19 MP: 0/0
   218 | D:1      | Reached XP level 2. HP: 24/27 MP: 1/1
   820 | D:2      | Reached XP level 3. HP: 27/33 MP: 2/2
   891 | D:2      | Found a sacrificial altar of Ru.
   935 | D:2      | Reached ** piety under Trog
   981 | D:2      | Noticed a phantom
   992 | D:2      | Killed a phantom
   992 | D:2      | Reached XP level 4. HP: 31/41 MP: 3/3
  1018 | D:2      | Reached XP level 5. HP: 38/47 MP: 4/4
  1377 | D:2      | Found a faded altar of an unknown god.
  1500 | D:3      | Found a basalt altar of Yredelemnul.
  1723 | D:3      | Reached skill level 5 in Fighting
  1801 | D:3      | Reached skill level 5 in Axes
  1919 | D:3      | Found a glowing golden altar of the Shining One.
  2179 | D:4      | Reached XP level 6. HP: 52/56 MP: 5/5
  2913 | D:5      | Entered Level 5 of the Dungeon
  3014 | D:5      | Reached skill level 5 in Armour
  3014 | D:5      | Reached XP level 7. HP: 55/62 MP: 6/6
  3031 | D:5      | Reached *** piety under Trog
  3073 | D:5      | Reached skill level 5 in Dodging
  3077 | D:5      | HP: 3/64 [killer bee (5)]
  3080 | D:5      | HP: 1/64 [gnoll/+0 spear (2)]
  3081 | D:5      | Succumbed to a killer bee's poison

Levels and vault maps discovered:
D:1:      minmay_arrival_diagonal_passages, layout_rooms
D:2:      minmay_skewed_foursquare, layout_basic,
          chequers_ecumenical_altar_simple_redux, minmay_stone_trees_small,
          nicolae_ru_sacrificial_ziggurat
D:3:      layout_rooms, yredelemnul_altar_generic,
          lemuel_coloured_pillars_altar, serial_glass, glass_columns_b,
          glass_columns_a, minmay_misc_feat_five, minmay_diced_spiral
D:4:      layout_gridville
D:5:      layout_rooms, nemelex_xobeh_ov_fountains_minmay, first_ration

Skill      XL: |  1  2  3  4  5  6  7 |
---------------+----------------------+-----
Fighting       | 4 5 6 |  6.4
Axes           | 4 5 6 |  6.3
Armour         | 3 4 5 |  5.6
Dodging        | 3 4 5 |  5.0

Action                   |  1- 3 |  4- 6 |  7- 9 || total
-------------------------+-------+-------+-------++-------
Melee: Hand axe          |    75 |    99 |       ||   174
       Headbutt          |    14 |    23 |     5 ||    42
       Short sword       |       |    43 |    25 ||    68
Invok: Berserk           |     2 |     1 |     1 ||     4
       Trog's Hand       |     1 |       |     1 ||     2
  Use: Scroll            |     3 |     1 |     4 ||     8
  Eat: Ration            |     1 |     2 |       ||     3
       Chunk             |       |     2 |       ||     2
Armor: Animal skin       |     1 |       |       ||     1
       Ring mail         |    27 |    13 |       ||    40
       Chain mail        |       |    73 |    20 ||    93
Dodge: Dodged            |    49 |    76 |    26 ||   151
